 Dungeon Crawl Stone Soup version 0.32-a0-685-g93135e86f0 (webtiles) character file.

Game seed: 9590843349282750531

128 TheMeInTeam the Trooper (level 5, -19/43 HPs)
             Began as a Coglin Delver on Mar 12, 2024.
             Was an Initiate of Hepliaklqana.
             Killed by an exploding jelly (27 damage)
             ... ignited by their inner flame
             ... in a sewer.
             The game lasted 00:09:03 (1159 turns).

TheMeInTeam the Trooper (Coglin Delver)             Turns: 1159, Time: 00:09:03

Health: -19/43     AC: -5    Str: 13    XL:     5   Next: 12%
Magic:  5/5        EV: 12    Int:  9    God:    Hepliaklqana [......]
Gold:   60         SH:  0    Dex: 17    Spells: 4/4 levels left

rFire   . . .        a - +0 short sword {Yayatum}
rCold   . . .        e - +2 flail (holy) {Ai}
rNeg    . . .        b - +0 leather armour
rPois   .            (no helmet)
rElec   .            (no cloak)
rCorr   .            (no gloves)
SInv    .            (no boots)
Will    .....        (amulet unavailable)
Stlth   +++          (ring unavailable)
HPRegen 0.27/turn    (ring unavailable)
MPRegen 0.09/turn    (no gizmo)

%: no passive effects
@: corroded, revving
A: off-hand wielding, slow wielding, warmup strikes, no jewellery
a: Invent Gizmo, Renounce Religion


You were in a sewer.
You worshipped Hepliaklqana.
Hepliaklqana was noncommittal.
You visited 1 branch of the dungeon, and saw 3 of its levels.
You also visited: Sewer.

You collected 60 gold pieces.

Inventory:

Hand Weapons
 a - a +0 short sword (weapon) {Yayatum}
 e - a +2 flail of holy wrath (offhand) {Ai}
 h - a +0 dagger {Kaspar}
Missiles
 f - 2 throwing nets (quivered)
Armour
 b - a +0 leather armour (worn)
Wands
 g - a wand of digging (3)
Scrolls
 c - 3 scrolls of fog
 i - 2 scrolls of vulnerability
Potions
 m - a potion of magic


   Skills:
 * Level 4.5 Fighting
 * Level 3.5 Short Blades
 - Level 1.7 Dodging
 - Level 4.1 Stealth


You had 4 spell levels left.
You didn't know any spells.
Your spell library was empty.

Dungeon Overview and Level Annotations

Branches:
Dungeon (5/15)              Sewer (1/1)
 Temple: D:4-7

Altars:
Ashenzari
Dithmenos
Elyvilon
Hepliaklqana


Innate Abilities, Weirdness & Mutations

You can wield a second weapon in your off-hand.
It takes a long time for you to wield or remove held weapons.
Your first few attacks do less damage.
You cannot equip rings or amulets.


Message History

You completely miss the endoplasm with your +0 short sword.
You hit the endoplasm with your +2 flail of holy wrath.
The endoplasm freezes you.
You are frozen.
You hit the endoplasm with your +0 short sword.
You kill the endoplasm!
You start resting.
HP restored.
The ball python hisses angrily.
You thump the ball python with your +2 flail of holy wrath!
You kill the ball python!
No target in view!
An endoplasm comes into view.
You sock the endoplasm with your +2 flail of holy wrath!
You kill the endoplasm!
No target in view!
No target in view!
A ball python and an endoplasm come into view.
An endoplasm comes into view.
You hit the endoplasm but do no damage.
You hit the endoplasm with your +2 flail of holy wrath.
The endoplasm freezes you.
You are frozen.
You hit the endoplasm with your +2 flail of holy wrath.
You kill the endoplasm!
You have reached level 5!
You start resting.
HP restored.
The ball python hisses angrily.
A ball python comes into view.
You hit the ball python with your +2 flail of holy wrath.
You kill the ball python!
The ball python bites you but does no damage.
The ball python misses you.
You closely miss the ball python with your +2 flail of holy wrath.
You hit the ball python with your +0 short sword.
You kill the ball python!
You see here a ball python corpse.
You hit the endoplasm with your +2 flail of holy wrath.
The endoplasm is lightly wounded.
You hit the endoplasm but do no damage. The endoplasm hits you.
The endoplasm misses you.
You hit the endoplasm but do no damage.
The endoplasm is lightly wounded.
You barely miss the endoplasm with your +2 flail of holy wrath.
The endoplasm freezes you.
You are frozen.
You hit the endoplasm with your +0 short sword.
The endoplasm is severely wounded.
You hit the endoplasm with your +2 flail of holy wrath.
You kill the endoplasm!
No target in view!
You start resting.
HP restored.
You enter the shallow water.
Moving in this stuff is going to be slow.
An endoplasm comes into view.
The endoplasm quivers.
An endoplasm comes into view.
You hit the endoplasm with your +0 short sword.
The endoplasm is heavily wounded.
You hit the endoplasm with your +2 flail of holy wrath.
You kill the endoplasm!
No target in view!
What are your orders? t - Shout!
Orders for allies: a - Attack new target. r - Retreat! s - Stop attacking. g - Guard the area. f - Follow me.
Anything else - Cancel.
You shout for attention!
You hear an angry hiss.
The endoplasm quivers.
You hear an angry hiss. x2
A frilled lizard comes into view. x2
You enter the shallow water.
Moving in this stuff is going to be slow.
You hit the frilled lizard with your +0 short sword.
You kill the frilled lizard!
You closely miss the frilled lizard with your +0 short sword.
You barely miss the frilled lizard with your +2 flail of holy wrath.
The frilled lizard barely misses you.
You closely miss the frilled lizard with your +0 short sword.
You hit the frilled lizard with your +2 flail of holy wrath.
The frilled lizard barely misses you.
You barely miss the frilled lizard with your +0 short sword.
You hit the frilled lizard with your +2 flail of holy wrath.
You kill the frilled lizard!
You hit the endoplasm with your +2 flail of holy wrath.
The endoplasm is moderately wounded.
You hit the endoplasm with your +0 short sword.
The endoplasm freezes you.
You are frozen.
You hit the endoplasm with your +0 short sword.
You kill the endoplasm!
No target in view!
You see here a frilled lizard corpse.
You enter the shallow water.
Moving in this stuff is going to be slow.
An endoplasm comes into view.
What are your orders? t - Shout!
Orders for allies: a - Attack new target. r - Retreat! s - Stop attacking. g - Guard the area. f - Follow me.
Anything else - Cancel.
You shout for attention!
You hear an angry hiss.
An endoplasm comes into view.
The endoplasm jiggles.
Unknown command.
You hit the endoplasm but do no damage.
You barely miss the endoplasm with your +2 flail of holy wrath.
The endoplasm freezes you.
You are frozen.
You hit the endoplasm with your +2 flail of holy wrath.
The endoplasm is moderately wounded.
You barely miss the endoplasm with your +0 short sword.
The endoplasm freezes you.
You are frozen.
You thump the endoplasm with your +2 flail of holy wrath!
You kill the endoplasm!
The endoplasm freezes you.
You are frozen.
You barely miss the endoplasm with your +0 short sword.
You hit the endoplasm but do no damage. The endoplasm barely misses you.
You thump the endoplasm with your +2 flail of holy wrath!
You kill the endoplasm!
No target in view!
You start resting.
A ball python comes into view.
An endoplasm comes into view.
The ball python bites you.
You closely miss the ball python with your +2 flail of holy wrath.
You hit the ball python with your +0 short sword.
You kill the ball python!
You see here a ball python corpse.
You hit the endoplasm with your +2 flail of holy wrath.
The endoplasm is severely wounded.
You hit the endoplasm with your +0 short sword.
You kill the endoplasm!
No target in view!
You see here a ball python corpse.
You start resting.
HP restored.
A jelly comes into view.
You enter the shallow water.
Moving in this stuff is going to be slow.
You see here a ball python corpse.
Okay, then.
Okay, then.
Okay, then.
Okay, then.
Okay, then.
Unknown command.
You enter the shallow water.
Moving in this stuff is going to be slow.
You see here a frilled lizard corpse.
You see here a ball python corpse.
You enter the shallow water.
Moving in this stuff is going to be slow.
You completely miss the jelly with your +2 flail of holy wrath.
You hit the jelly with your +0 short sword.
Your graspers burn!
The jelly hits you but does no damage.
You hit the jelly but do no damage. The acid corrodes you!
Your graspers burn!
The jelly is lightly wounded.
You thump the jelly with your +2 flail of holy wrath!
The acid corrodes you!
Your graspers burn!
The jelly barely misses you.
You hit the jelly but do no damage.
Your graspers burn!
The jelly is severely wounded.
You hit the jelly with your +2 flail of holy wrath.
Your graspers burn!
The jelly hits you.
You are splashed with acid!
Okay, then.
As you read the scroll of teleportation, it crumbles to dust.
You feel strangely unstable. The jelly barely misses you.
The jelly attacks as it pursues you! The jelly hits you.
You are splashed with acid.
* * * LOW HITPOINT WARNING * * *
Your surroundings seem slightly different.
Splash!
You fall into the shallow water.
Moving in this stuff is going to be slow.
Okay, then.
Okay, then.
As you read the scroll labelled SOATOO TORICA, it crumbles to dust.
The creatures around you are filled with an inner flame!
It was a scroll of immolation.
Okay, then.
The air fills with toxic fumes!
As you read the scroll labelled REL ZOMNYNOSCH, it crumbles to dust.
It was a scroll of poison.
The jelly misses you.
Okay, then.
Okay, then.
Okay, then.
Okay, then.
Okay, then.
You hit the jelly with your +2 flail of holy wrath.
The jelly explodes!
The fiery explosion engulfs you!!
Ouch! That really hurt!
You die...
Hepliaklqana delivers you to your ancestors.

###....†....~~####
~~...†..~..~~.~§§##
.~~.#########..§§§#
.~### ###§§§# ~##
##§§# ~# #§§# ##
#§§# #
###########§§#
#~~.§§§§§§§@§#
#..†§§§§§§§§§#
#..########### #..#
####### #.†#
#≈≈≈≈≈#
#..#########≈.∩.≈#
#........~~.~...≈#
#....~.....~....≈#
############≈.∩.≈#


There were no monsters in sight!

Vanquished Creatures
  A hound (D:5)
  A jelly (Sewer)
  A sleepcap (D:5)
  2 adders (D:3)
  A river rat (Sewer)
  A ribbon worm (D:3)
  An orc (D:5)
  7 ball pythons
  A bat (D:3)
  11 endoplasms
  4 giant cockroaches
  3 jackals (D:5)
  4 frilled lizards
  3 rats
41 creatures vanquished.

Notes
Turn   | Place    | Note
-------+----------+-------------------------------------------
     0 | D:5      | TheMeInTeam the Coglin Delver began the quest for the Orb.
     0 | D:5      | Reached XP level 1. HP: 18/18 MP: 1/1
     1 | D:5      | Noticed a black bear
   130 | D:5      | Noticed an iguana
   174 | D:5      | Noticed a shadow
   175 | D:5      | Found a shadowy altar of Dithmenos.
   175 | D:5      | Noticed a hound
   196 | D:5      | Killed a hound
   197 | D:5      | Reached XP level 2. HP: 13/25 MP: 2/2
   197 | D:5      | Reached XP level 3. HP: 16/30 MP: 3/3
   203 | D:5      | Found a hazy altar of Hepliaklqana.
   211 | D:5      | Became a worshipper of Hepliaklqana the Forgotten
   287 | D:5      | Noticed an ogre
   480 | D:5      | Reached XP level 4. HP: 21/37 MP: 4/4
   604 | D:5      | Noticed an ogre
   653 | D:3      | Found a broken altar of Ashenzari.
   725 | D:3      | Found a white marble altar of Elyvilon.
   857 | D:3      | Found a glowing drain.
   861 | Sewer    | Entered a sewer
   990 | Sewer    | Reached XP level 5. HP: 40/43 MP: 5/5
  1159 | Sewer    | Killed by an exploding jelly... ignited by their inner
                  | flame

Illustrated notes

Levels and vault maps discovered:
D:3:      layout_loops_cross, mainiacjoe_overflow_catwalk,
          mainiacjoe_overflow_six_doors_small, nicolae_sif_muna_little_library,
          mainiacjoe_sewer_entry_somewhere_in_here_2
D:4:      layout_rooms, minmay_temple_entry_slanted, nicolae_zig_zag_zippers
D:5:      layout_loops_ring, riverfiend_overflow_shadow_ancestor,
          enter_ossuary_2, minmay_misc_feat_square
Sewer:    sewer_hellmonk_slimy_pipes

Skill      XL: |  1  2  3  4 |
---------------+-------------+-----
Short Blades   | 2 3 |  3.5
Fighting       | 4 |  4.5
Dodging        | |  1.7
Stealth        | |  4.1

Action                     |  1- 3 |  4- 6 || total
---------------------------+-------+-------++-------
  Melee: Short sword       |    18 |    54 ||    72
         Flail             |    16 |    60 ||    76
         Dagger            |     4 |       ||     4
    Use: Scroll            |     3 |     5 ||     8
         Potion            |     3 |       ||     3
   Stab: Sleeping          |       |     1 ||     1
 Armour: Leather armour    |    13 |    31 ||    44
  Dodge: Dodged            |     8 |    18 ||    26

Table legend: (Time is in decaauts)
 A = Elapsed time spent in this place.
 B = Non-inter-level travel time spent in this place.
 C = Inter-level travel time spent in this place.
 D = Time resting spent in this place.
 E = Time spent auto-exploring this place.
 F = Levels seen in this place.
 G = Mean time per level.
                   A        B        C        D        E       F      G
               +--------+--------+--------+--------+--------+-----+--------+
         Total |   1178 |   1113 |     65 |    302 |      0 |   4 |  294.5 |
       Dungeon |    869 |    804 |     65 |    243 |      0 |   3 |  289.7 |
         Sewer |    308 |    308 |      0 |     59 |      0 |   1 |  308.0 |
               +--------+--------+--------+--------+--------+-----+--------+

Top non-repeatable levels by time:
     D:5: 605 daAuts
   Sewer: 308 daAuts
     D:3: 261 daAuts
     D:4: 2 daAuts
